 Seeded DCSS version 0.28-a0-1236-gb25a51b929 (webtiles) character file.

Game seed: 20211226 (custom seed)

770 a11behringer the Cleaver (level 7, 0/60 HPs)
             Began as a Hill Orc Fighter on Dec 26, 2021.
             Slain by a gnoll (12 damage)
             ... on level 4 of the Dungeon.
             The game lasted 00:07:41 (3852 turns).

a11behringer the Cleaver (Hill Orc Fighter)         Turns: 3852, Time: 00:07:42

Health: 0/60       AC: 15    Str: 21    XL:     7   Next: 83%
Magic:  7/7        EV:  6    Int:  8    God:
Gold:   157        SH:  4    Dex: 10    Spells: 6/6 levels left

rFire   + . .      SeeInvis +   A - +3 hand axe (vorpal)
rCold   . . .      Faith    .   c - +0 buckler
rNeg    . . .      Spirit   .   v - +0 plate armour
rPois   .          Reflect  .   q - +2 helmet {SInv}
rElec   .          Harm     .   (no cloak)
rCorr   .          Rampage  .   (no gloves)
Will    .....                   (no boots)
Stlth   ..........              (no amulet)
HPRegen 0.20/turn               r - ring of protection from fire
MPRegen 0.10/turn               (no ring)

@: mighty
A: no striking features
a: no special abilities


You were on level 4 of the Dungeon.
You visited 1 branch of the dungeon, and saw 4 of its levels.

You collected 157 gold pieces.

Inventory:

Hand Weapons
 a - a +0 war axe
 t - a +0 hunting sling
 w - a +0 hand crossbow
 A - a +3 vorpal hand axe (weapon)
Missiles
 g - 14 poisoned darts (quivered)
 i - 51 sling bullets
 s - 27 arrows
 x - 21 bolts
Armour
 b - a +0 scale mail
 c - a +0 buckler (worn)
 f - a +0 tower shield
 l - a +0 helmet of intelligence
 q - a +2 helmet of see invisible (worn)
 v - a +0 plate armour (worn)
Jewellery
 r - a ring of protection from fire (left hand)
Scrolls
 e - a scroll of enchant weapon {unknown}
 h - 2 scrolls of teleportation {unknown}
 k - a scroll of torment {unknown}
 u - a scroll of fear {unknown}
 y - 2 scrolls of identify {unknown}
 z - a scroll of blinking {unknown}
Potions
 j - a potion of lignification {unknown}
 m - a potion of heal wounds {unknown}
 n - 2 potions of degeneration {unknown}
 o - a potion of haste {unknown}
 p - 2 potions of curing {unknown}
 B - 2 potions of mutation {unknown}


   Skills:
 + Level 4.5 Fighting
 * Level 9.1 Axes
 + Level 5.0 Armour
 + Level 1.0 Dodging
 + Level 4.2 Shields


You had 6 spell levels left.
You didn't know any spells.
Your spell library contained the following spells:

 Spells                   Type           Power      Damage    Failure   Level
 Beastly Appendage        Tmut           0%         N/A       100%        1
 Freeze                   Ice            0%         1d3       100%        1
 Wereblood                Tmut           0%         N/A       100%        2
 Frozen Ramparts          Ice            0%         1d2       100%        3
 Spider Form              Tmut/Pois      0%         N/A       100%        3
 Hailstorm                Conj/Ice       0%         3d3       100%        4


Dungeon Overview and Level Annotations

Branches:
Dungeon (4/15)
 Temple: D:4-7

Altars:


Message History

You are too injured to fight recklessly!
You are too injured to fight recklessly!
You are too injured to fight recklessly!
You are too injured to fight recklessly!
You are too injured to fight recklessly!
You are too injured to fight recklessly!
Unknown command.
You see here a +0 short sword.
You hit the gnoll.
The gnoll is severely wounded.
The gnoll hits you but does no damage.
Your plate armour prevents you from hitting the gnoll.
The gnoll is severely wounded.
You slash the gnoll!
You kill the gnoll!
You slash the gnoll!
You kill the gnoll!
The adder bites you but does no damage. The gnoll hits you but does no damage.
The gnoll hits you from afar with a +0 halberd.
The adder barely misses you.
Items here: ))) [ ††.
You are no longer glowing.
You see here a +0 short sword.
You slash the adder!
The adder is almost dead.
The adder bites you but does no damage. You block the gnoll's attack.
You hit the adder.
You kill the adder!
The gnoll hits you from afar with a +0 halberd!
* * * LOW HITPOINT WARNING * * *
The gnoll barely misses you.
You see here a +0 short sword.
You hit the gnoll.
The gnoll is heavily wounded.
The gnoll hits you but does no damage. The gnoll barely misses you.
You slash the gnoll!
You kill the gnoll!
You block the gnoll's attack. The gnoll hits you with a +0 halberd!
You die...

#......##)# #.....##
#.......#.# #.......
#....)..#)#######..(....
#...>....)..............
#.......#)#########.....
####..#.#.# #.....
.....#...# #.....
#.#...#)### #..... #
#...#@####### ######
.##.##g#.....### ######
#................ ......
####..#.......### ######
#.......g..# #####
####.......... #....
........... #....
##.......... #....
...#....... #####


You could see a gnoll.

Vanquished Creatures
  Duvessa (D:4)
  A necrophage (D:4)
  An ogre (D:4)
  Dowan (D:4)
  A centaur skeleton (D:4)
  A gnoll shaman (D:4)
  An orc priest (D:3)
  Terence (D:2)
  2 orc wizards (D:3)
  Natasha (D:2)
  Robin (D:2)
  7 gnolls (D:4)
  10 adders
  An ufetubus (D:4)
  2 worms (D:2)
  A dart slug (D:2)
  9 orcs
  4 endoplasms
  2 giant cockroaches
  12 goblins
  8 hobgoblins
  4 jackals
  7 kobolds
  3 quokkas
  2 ball pythons
  4 bats
  6 frilled lizards
94 creatures vanquished.

Notes
Turn   | Place    | Note
-------+----------+-------------------------------------------
     0 | D:1      | a11behringer the Hill Orc Fighter began the quest for the
                  | Orb.
     0 | D:1      | Reached XP level 1. HP: 19/19 MP: 1/1
   245 | D:1      | Reached XP level 2. HP: 27/27 MP: 2/2
   278 | D:1      | Reached skill level 3 in Axes
  1020 | D:2      | Noticed Robin
  1026 | D:2      | Killed Robin
  1027 | D:2      | Reached XP level 3. HP: 30/33 MP: 3/3
  1032 | D:2      | Reached skill level 4 in Axes
  1038 | D:2      | Noticed Terence
  1051 | D:2      | Killed Terence
  1052 | D:2      | Reached XP level 4. HP: 15/40 MP: 4/4
  1707 | D:2      | Reached skill level 5 in Axes
  1938 | D:2      | Reached XP level 5. HP: 46/46 MP: 5/5
  2273 | D:2      | Noticed Natasha
  2280 | D:2      | Killed Natasha
  2489 | D:3      | Found a faded altar of an unknown god.
  2572 | D:3      | Reached skill level 6 in Axes
  2765 | D:3      | Reached XP level 6. HP: 45/52 MP: 6/6
  3141 | D:4      | Reached skill level 7 in Axes
  3426 | D:4      | Noticed a necrophage
  3434 | D:4      | Killed a necrophage
  3435 | D:4      | Reached XP level 7. HP: 49/60 MP: 7/7
  3571 | D:4      | Reached skill level 8 in Axes
  3701 | D:4      | Noticed Dowan
  3704 | D:4      | Noticed Duvessa
  3716 | D:4      | Killed Duvessa
  3716 | D:4      | Killed Dowan
  3717 | D:4      | Reached skill level 1 in Dodging
  3836 | D:4      | Reached skill level 9 in Axes
  3838 | D:4      | Reached skill level 5 in Armour
  3852 | D:4      | Slain by a gnoll

Illustrated notes

Levels and vault maps discovered:
D:1:      scummos_arrival_simple_fountains, layout_basic
D:2:      layout_basic, uniq_natasha, uniq_robin, uniq_terence
D:3:      layout_basic, chequers_ecumenical_altar_simple
D:4:      layout_basic, minmay_crossroads, uniq_duvessa

Skill      XL: |  1  2  3  4  5  6  7 |
---------------+----------------------+-----
Axes           | 3 4 5 6 7 9 |  9.1
Fighting       | 4 |  4.5
Armour         | 4 5 |  5.0
Shields        | 4 |  4.2
Dodging        | 1 |  1.0

Action                   |  1- 3 |  4- 6 |  7- 9 || total
-------------------------+-------+-------+-------++-------
Melee: War axe           |    70 |   157 |    20 ||   247
       Hand axe          |       |       |    48 ||    48
  Use: Potion            |     1 |       |     1 ||     2
Armor: Scale mail        |    25 |    56 |       ||    81
       Plate armour      |       |    22 |    53 ||    75
Dodge: Dodged            |    25 |    50 |    29 ||   104
Block: Buckler           |    19 |    34 |     9 ||    62

Table legend: (Time is in decaauts)
 A = Elapsed time spent in this place.
 B = Non-inter-level travel time spent in this place.
 C = Inter-level travel time spent in this place.
 D = Time resting spent in this place.
 E = Time spent auto-exploring this place.
 F = Levels seen in this place.
 G = Mean time per level.
                   A        B        C        D        E       F      G
               +--------+--------+--------+--------+--------+-----+--------+
         Total |   3922 |   3641 |    281 |      0 |   2991 |   4 |  980.5 |
       Dungeon |   3922 |   3641 |    281 |      0 |   2991 |   4 |  980.5 |
               +--------+--------+--------+--------+--------+-----+--------+

Top non-repeatable levels by time:
     D:2: 1423 daAuts
     D:1: 984 daAuts
     D:3: 796 daAuts
     D:4: 716 daAuts
